 Dungeon Crawl Stone Soup version 0.22-a0-3-g4fa69d9 (webtiles) character file.

1192 tidbits the Grave Robber (level 8, 58/58 HPs)
             Began as a Gnoll Necromancer on Jan 1, 2018.
             Quit the game on level 5 of the Dungeon.
             The game lasted 00:26:58 (2300 turns).

tidbits the Grave Robber (Gnoll Necromancer)        Turns: 2300, Time: 00:26:59

Health: 58/58      AC:  6    Str: 12    XL:     8   Next: 43%
Magic:  17/17      EV: 16    Int: 19    God:
Gold:   402        SH:  0    Dex: 18    Spells: 6/19 levels left

rFire    + . .     SeeInvis .   q - +2 mace (holy)
rCold    . . .     Gourm    .   (no shield)
rNeg     . . .     Faith    .   B - +0 robe
rPois    .         Spirit   .   (no helmet)
rElec    .         Reflect  .   C - +2 cloak {+Inv}
rCorr    .         Harm     .   G - +0 pair of gloves (curse)
MR       .....                  (no boots)
Stlth    +++.......             (no amulet)
HPRegen  0.19/turn              v - +3 ring of dexterity
MPRegen  0.15/turn              i - ring of protection from fire

@: no status effects
A: distributed training, fangs 1, strong nose
a: Evoke Invisibility


You were on level 5 of the Dungeon.
You were not hungry.

You visited 2 branches of the dungeon, and saw 8 of its levels.

You collected 402 gold pieces.

Inventory:

Hand Weapons
 a - a +0 short sword of freezing
   (You found it on level 2 of the Dungeon)
 d - a +0 dagger of venom
   (You took it off a kobold on level 1 of the Dungeon)
 f - a +0 dagger
 g - a +4 quarterstaff of chaos
   (You took it off Crazy Yiuf on level 2 of the Dungeon)
 k - a +0 scythe
 q - a +2 mace of holy wrath (weapon)
   (You took it off an orc on level 4 of the Dungeon)
 y - a +2 shortbow of velocity
   (You took it off a centaur on level 5 of the Dungeon)
 D - a +5 hunting sling of flaming
   (You found it on level 5 of the Dungeon)
 E - a +1 halberd of venom
   (You took it off a gnoll on level 5 of the Dungeon)
 F - a cursed +0 war axe
Missiles
 n - 3 silver tomahawks (quivered)
 z - 21 arrows
 I - 3 tomahawks
Armour
 x - a +1 buckler
 B - a +0 robe (worn)
 C - a +2 cloak of invisibility (worn)
   (You took it off Crazy Yiuf on level 2 of the Dungeon)
 G - a cursed +0 pair of gloves (worn)
 K - a +0 shield
Jewellery
 i - a ring of protection from fire (right hand)
   (You found it on level 5 of the Dungeon)
 v - a +3 ring of dexterity (left hand)
   (You found it on level 4 of the Dungeon)
Wands
 h - a wand of iceblast (8)
Scrolls
 j - a scroll of blinking {unknown}
 o - a scroll of teleportation
 p - a scroll of fog {unknown}
 r - 9 scrolls of remove curse
 u - 2 scrolls of enchant armour
 A - a scroll of holy word {unknown}
 J - a scroll of identify {unknown}
Potions
 e - a potion of curing {unknown}
 l - a potion of heal wounds
 m - 2 potions of berserk rage {unknown}
 s - a potion of magic {unknown}
 t - a potion of might {unknown}
 w - 2 potions of resistance {unknown}
 H - 2 potions of degeneration {unknown}
Books
 b - a book of Necromancy

   Spells                             Type                      Level
   a - Pain                           Necromancy                   1
   b - Animate Skeleton               Necromancy                   1
   c - Vampiric Draining              Necromancy                   3
   d - Regeneration                   Charms/Necromancy            3
   e - Animate Dead                   Necromancy                   4
   f - Borgnjor's Vile Clutch         Necromancy/Earth             5
Comestibles
 c - 15 rations


   Skills:
 + Level 3.2 Fighting
 + Level 3.2 Short Blades
 + Level 3.2 Long Blades
 + Level 3.2 Axes
 + Level 3.2 Maces & Flails
 + Level 3.2 Polearms
 + Level 3.2 Staves
 + Level 3.2 Slings
 + Level 3.2 Bows
 + Level 3.2 Crossbows
 + Level 3.2 Throwing
 + Level 3.2 Armour
 + Level 5.6 Dodging
 + Level 5.3 Stealth
 + Level 3.2 Shields
 + Level 3.2 Unarmed Combat
 + Level 6.0 Spellcasting
 + Level 2.6 Conjurations
 + Level 2.6 Hexes
 + Level 2.6 Charms
 + Level 2.6 Summonings
 + Level 7.6 Necromancy
 + Level 2.6 Translocations
 + Level 2.6 Transmutations
 + Level 2.6 Fire Magic
 + Level 2.6 Ice Magic
 + Level 2.6 Air Magic
 + Level 2.6 Earth Magic
 + Level 2.6 Poison Magic
 + Level 3.5 Invocations
 + Level 3.2 Evocations


You had 6 spell levels left.
You knew the following spells:

 Your Spells              Type           Power        Failure   Level  Hunger
a - Pain                  Necr           ####         1%          1    None
d - Vampiric Draining     Necr           ####......   1%          3    ##.....
n - Animate Skeleton      Necr           N/A          1%          1    None
r - Regeneration          Chrm/Necr      ####......   4%          3    ##.....
v - Borgnjor's Vile Clut  Necr/Erth      ####......   36%         5    #####..


Dungeon Overview and Level Annotations

Branches:
Dungeon (7/15)             Temple (1/1) D:5

Altars:
Ashenzari
Elyvilon
Fedhas
Gozag
Hepliaklqana
Kikubaaqudgha
Nemelex Xobeh
Qazlal
Sif Muna
Trog
Vehumet
Wu Jian
Xom
The Shining One


Innate Abilities, Weirdness & Mutations

Your experience applies equally to all skills.
You have very sharp teeth.
Your uncanny sense of smell can sniff out nearby items.


Message History

Your +0 dagger of venom begins to drip with poison!
d - a +0 dagger of venom (weapon)
The frilled lizard misses you.
You miss the frilled lizard. The frilled lizard closely misses you.
You hit the frilled lizard.
You kill the frilled lizard!
There is a stone staircase leading up here.
You climb upwards.
Found 16 gold pieces.
There is a stone staircase leading down here.
Evoke which item? (* to show all) (? for menu, Esc to quit)
Aiming: Iceblast
Press: ? - help, Shift-Dir - straight line, f - ogre
Aim: an ogre, wielding a giant club (resting)
The mass of ice explodes!
The iceblast engulfs the ogre.
The ogre is heavily wounded.
The ogre shouts!
You hear a bark!
Evoke which item? (* to show all) (? for menu, Esc to quit)
That's the wrong kind of item! (Use * to select it.) Evoke which item? (* to show all) (? for menu, Esc to quit)
Huh?
Evoke which item? (* to show all) (? for menu, Esc to quit)
Okay, then.
Evoke which item? (* to show all) (? for menu, Esc to quit)
Aiming: Iceblast
Press: ? - help, Shift-Dir - straight line, f/p - ogre
Aim: an ogre, wielding a giant club (heavily wounded)
The mass of ice explodes!
The iceblast engulfs the ogre.
You kill the ogre!
Your Spellcasting skill increases to level 6!
Unknown command.
A hound comes into view.
You see here 16 gold pieces.
You now have 402 gold pieces (gained 16).
Evoke which item? (* to show all) (? for menu, Esc to quit)
Aiming: Iceblast
Press: ? - help, Shift-Dir - straight line The mass of ice explodes!
The iceblast engulfs the hound.
You kill the hound!
Unknown command.
There is a stone staircase leading down here.
You climb downwards.
There is a stone staircase leading up here.
Found a robe.
A howler monkey zombie comes into view.
Found 18 sling bullets.
The howler monkey zombie barely misses you.
An orc wizard comes into view. It is wielding a dagger.
Wield which item (- for none, * to show all)? (? for menu, Esc to quit)
Okay, then.
Wield which item (- for none, * to show all)? (? for menu, Esc to quit)
Your +0 dagger of venom stops dripping with poison.
Your +2 mace of holy wrath softly glows with a divine radiance!
q - a +2 mace of holy wrath (weapon)
You thump the howler monkey zombie!
The howler monkey zombie convulses.
The howler monkey zombie is moderately damaged.
The howler monkey zombie hits you.
The howler monkey zombie closely misses you.
You barely miss the howler monkey zombie.
The howler monkey zombie is moderately damaged.
The howler monkey zombie closely misses you.
You closely miss the howler monkey zombie.
The howler monkey zombie is moderately damaged.
The howler monkey zombie misses you.
You hit the howler monkey zombie.
The howler monkey zombie convulses!
The howler monkey zombie is almost destroyed.
The howler monkey zombie hits you.
You hit the howler monkey zombie.
The howler monkey zombie convulses.
The howler monkey zombie is almost destroyed.
The howler monkey zombie misses you.
The howler monkey zombie hits you but does no damage.
You hit the howler monkey zombie.
You destroy the howler monkey zombie!
You see here 18 sling bullets.
You open the door.
Found a staircase to the Ecumenical Temple.
There is an open door here.
There is a staircase to the Ecumenical Temple here.
You climb downwards.
Welcome to the Ecumenical Temple!
There is a staircase back to the Dungeon here.
Found an opulent altar of Gozag and a stormy altar of Qazlal.
Found a shimmering altar of Xom.
Why would you want to do that?
Unknown command.
Found a sparkling altar of Nemelex Xobeh and a blossoming altar of Fedhas.
Found a glowing golden altar of the Shining One.
There is a shimmering altar of Xom here.
Found an ornate altar of the Wu Jian Council.
There is a staircase back to the Dungeon here.
Found a shattered altar of Ashenzari and a hazy altar of Hepliaklqana.
Found a white marble altar of Elyvilon.
Found an ancient bone altar of Kikubaaqudgha and a deep blue altar of Sif Muna.
Found a radiant altar of Vehumet.
Found a bloodstained altar of Trog.
There is a staircase back to the Dungeon here.
You climb upwards.
Welcome back to the Dungeon!
There is a staircase to the Ecumenical Temple here.
Okay, then.
Unknown command.
Are you sure you want to abandon this character and quit the game? (Confirm with "yes".)

.(#,...##......###
*,**#........#
#####..*#........#
*,,,...####.##
#...#..*#........# *,#####.#.#†#
)...#..##.)......# *,..........#
#####.).#)####...# *,*####.#.#.#
#.....#)#.#*########** #.....[#
......#.).##.####### #####.#.#.#
.............##⌠.⌠####.......<.#
####........###.@.+....###.#.#.#
,,.#........###⌠.⌠##*####......#
,........>..'###'### #[..#.#.#.#
,..#........####.### ####......#
...#........# #.# ##.#.#.#
##*#############.########......#
#.....(.....#.#.#.#
###########.......# #.#.#.#.#


There were no monsters in sight!

Vanquished Creatures
  Sigmund (D:2)
  A sky beast (D:5)
  2 ogres
  A centaur (D:5)
  2 hounds
  A centaur zombie (D:6)
  A jelly (D:5)
  Crazy Yiuf (D:2)
  An orc priest (D:5)
  6 orc wizards
  An iguana (D:4)
  2 worker ants (D:6)
  A hound zombie (D:5)
  A howler monkey zombie (D:5)
  10 gnolls
  7 adders
  A shadow imp (D:6)
  2 leopard geckos
  13 orcs
  2 ball pythons (D:3)
  5 bats
  3 giant cockroaches
  15 hobgoblins
  2 quokkas
  5 frilled lizards
  5 goblins
  A jackal skeleton (D:5)
  11 kobolds
  A quokka skeleton (D:5)
  5 rats
110 creatures vanquished.

Vanquished Creatures (collateral kills)
  A goblin (D:1)
1 creature vanquished.

Grand Total: 111 creatures vanquished

Notes
Turn   | Place    | Note
-------+----------+-------------------------------------------
     0 | D:1      | tidbits the Gnoll Necromancer began the quest for the Orb.
     0 | D:1      | Reached XP level 1. HP: 13/13 MP: 6/6
    96 | D:1      | Reached XP level 2. HP: 12/19 MP: 2/7
    99 | D:1      | Learned a level 1 spell: Animate Skeleton
   443 | D:2      | Found a runed door.
   447 | D:2      | Noticed Crazy Yiuf
   453 | D:2      | Killed Crazy Yiuf
   453 | D:2      | Reached skill level 5 in Spellcasting
   453 | D:2      | Reached skill level 1 in Invocations
   453 | D:2      | Reached XP level 3. HP: 12/25 MP: 1/9
   538 | D:2      | Reached skill level 1 in Fighting
   538 | D:2      | Reached skill level 1 in Short Blades
   538 | D:2      | Reached skill level 1 in Long Blades
   538 | D:2      | Reached skill level 1 in Axes
   538 | D:2      | Reached skill level 1 in Maces & Flails
   538 | D:2      | Reached skill level 1 in Polearms
   538 | D:2      | Reached skill level 1 in Staves
   538 | D:2      | Reached skill level 1 in Slings
   538 | D:2      | Reached skill level 1 in Bows
   538 | D:2      | Reached skill level 1 in Crossbows
   538 | D:2      | Reached skill level 1 in Throwing
   538 | D:2      | Reached skill level 1 in Armour
   538 | D:2      | Reached skill level 1 in Shields
   538 | D:2      | Reached skill level 1 in Unarmed Combat
   538 | D:2      | Reached skill level 1 in Evocations
   538 | D:2      | Reached XP level 4. HP: 5/32 MP: 0/11
   543 | D:2      | HP: 2/32 [hobgoblin (2)]
   560 | D:1      | HP: 1/32 [hobgoblin (3)]
   570 | D:1      | Learned a level 3 spell: Vampiric Draining
   574 | D:1      | Learned a level 3 spell: Regeneration
   641 | D:2      | Noticed Sigmund
   735 | D:2      | Killed Sigmund
   735 | D:2      | Reached skill level 1 in Conjurations
   735 | D:2      | Reached skill level 1 in Hexes
   735 | D:2      | Reached skill level 1 in Charms
   735 | D:2      | Reached skill level 1 in Summonings
   735 | D:2      | Reached skill level 1 in Translocations
   735 | D:2      | Reached skill level 1 in Transmutations
   735 | D:2      | Reached skill level 1 in Fire Magic
   735 | D:2      | Reached skill level 1 in Ice Magic
   735 | D:2      | Reached skill level 1 in Air Magic
   735 | D:2      | Reached skill level 1 in Earth Magic
   735 | D:2      | Reached skill level 1 in Poison Magic
   735 | D:2      | Reached XP level 5. HP: 30/38 MP: 9/12
   735 | D:2      | Reached XP level 6. HP: 35/44 MP: 9/13
   798 | D:3      | Reached skill level 2 in Invocations
  1021 | D:3      | Reached skill level 5 in Dodging
  1071 | D:3      | Reached skill level 2 in Fighting
  1071 | D:3      | Reached skill level 2 in Short Blades
  1071 | D:3      | Reached skill level 2 in Long Blades
  1071 | D:3      | Reached skill level 2 in Axes
  1071 | D:3      | Reached skill level 2 in Maces & Flails
  1071 | D:3      | Reached skill level 2 in Polearms
  1071 | D:3      | Reached skill level 2 in Staves
  1071 | D:3      | Reached skill level 2 in Slings
  1071 | D:3      | Reached skill level 2 in Bows
  1071 | D:3      | Reached skill level 2 in Crossbows
  1071 | D:3      | Reached skill level 2 in Throwing
  1071 | D:3      | Reached skill level 2 in Armour
  1071 | D:3      | Reached skill level 2 in Shields
  1071 | D:3      | Reached skill level 2 in Unarmed Combat
  1071 | D:3      | Reached skill level 2 in Evocations
  1122 | D:3      | Learned a level 5 spell: Borgnjor's Vile Clutch
  1184 | D:4      | Reached XP level 7. HP: 44/50 MP: 11/15
  1234 | D:5      | Entered Level 5 of the Dungeon
  1591 | D:5      | Reached skill level 2 in Conjurations
  1591 | D:5      | Reached skill level 2 in Hexes
  1591 | D:5      | Reached skill level 2 in Charms
  1591 | D:5      | Reached skill level 2 in Summonings
  1591 | D:5      | Reached skill level 2 in Translocations
  1591 | D:5      | Reached skill level 2 in Transmutations
  1591 | D:5      | Reached skill level 2 in Fire Magic
  1591 | D:5      | Reached skill level 2 in Ice Magic
  1591 | D:5      | Reached skill level 2 in Air Magic
  1591 | D:5      | Reached skill level 2 in Earth Magic
  1591 | D:5      | Reached skill level 2 in Poison Magic
  1814 | D:6      | Reached skill level 5 in Stealth
  1931 | D:6      | Reached skill level 3 in Invocations
  1935 | D:6      | Reached XP level 8. HP: 46/57 MP: 12/16
  2101 | D:5      | Reached skill level 3 in Fighting
  2101 | D:5      | Reached skill level 3 in Short Blades
  2101 | D:5      | Reached skill level 3 in Long Blades
  2101 | D:5      | Reached skill level 3 in Axes
  2101 | D:5      | Reached skill level 3 in Maces & Flails
  2101 | D:5      | Reached skill level 3 in Polearms
  2101 | D:5      | Reached skill level 3 in Staves
  2101 | D:5      | Reached skill level 3 in Slings
  2101 | D:5      | Reached skill level 3 in Bows
  2101 | D:5      | Reached skill level 3 in Crossbows
  2101 | D:5      | Reached skill level 3 in Throwing
  2101 | D:5      | Reached skill level 3 in Armour
  2101 | D:5      | Reached skill level 3 in Shields
  2101 | D:5      | Reached skill level 3 in Unarmed Combat
  2101 | D:5      | Reached skill level 3 in Evocations
  2207 | D:4      | Reached skill level 6 in Spellcasting
  2242 | D:5      | Found a staircase to the Ecumenical Temple.
  2247 | Temple   | Entered the Ecumenical Temple
  2300 | D:5      | Quit the game

Vault maps used:
D:1:      dpeg_arrival_stonehenge_12_columns
D:2:      uniq_sigmund, uniq_crazy_yiuf_cottage
D:3:      first_ration, grunt_gozag_breadcrumbs
D:4:      minmay_door_path
D:5:      corexii_shantytown, temple_doors_cd, supply_closet_lemuel,
          st_stairs_13, glass_columns_c
D:6:      minivault_5, minmay_strange_pillars, grunt_ministairs_7, minivault_22
D:7:      grunt_temple_overflow_open, lemuel_coloured_pillars_altar,
          makhleb_heckhound_becter
Temple:   eino_temple_water

Skill      XL: |  1  2  3  4  5  6  7  8 |
---------------+-------------------------+-----
Spellcasting   | 5 6 |  6.0
Invocations    | 1 2 3 |  3.5
Fighting       | 1 2 3 |  3.2
Short Blades   | 1 2 3 |  3.2
Long Blades    | 1 2 3 |  3.2
Axes           | 1 2 3 |  3.2
Maces & Flails | 1 2 3 |  3.2
Polearms       | 1 2 3 |  3.2
Staves         | 1 2 3 |  3.2
Slings         | 1 2 3 |  3.2
Bows           | 1 2 3 |  3.2
Crossbows      | 1 2 3 |  3.2
Throwing       | 1 2 3 |  3.2
Armour         | 1 2 3 |  3.2
Shields        | 1 2 3 |  3.2
Unarmed Combat | 1 2 3 |  3.2
Evocations     | 1 2 3 |  3.2
Conjurations   | 1 2 |  2.6
Hexes          | 1 2 |  2.6
Charms         | 1 2 |  2.6
Summonings     | 1 2 |  2.6
Translocations | 1 2 |  2.6
Transmutations | 1 2 |  2.6
Fire Magic     | 1 2 |  2.6
Ice Magic      | 1 2 |  2.6
Air Magic      | 1 2 |  2.6
Earth Magic    | 1 2 |  2.6
Poison Magic   | 1 2 |  2.6
Dodging        | 5 |  5.6
Stealth        | 5 |  5.3
Necromancy     | |  7.6

Action                   |  1- 3 |  4- 6 |  7- 9 || total
-------------------------+-------+-------+-------++-------
Melee: Dagger            |     2 |    80 |    79 ||   161
       Short sword       |     4 |     3 |       ||     7
       Bite              |     2 |    11 |    12 ||    25
       Mace              |       |       |    14 ||    14
 Cast: Pain              |    43 |    33 |    20 ||    96
       Regeneration      |       |     4 |     5 ||     9
       Animate Skeleton  |       |     1 |       ||     1
       Vampiric Draining |       |     5 |     4 ||     9
 Abil: Evoke Invisibilit |       |     1 |       ||     1
Evoke: Wand              |       |       |     9 ||     9
  Use: Scroll            |       |     1 |     4 ||     5
       Potion            |       |     1 |       ||     1
 Stab: Sleeping          |       |     1 |     6 ||     7
       Invisible         |       |     1 |       ||     1
  Eat: Ration            |       |     1 |     1 ||     2
Armor: Robe              |     5 |    14 |    16 ||    35
Dodge: Dodged            |    18 |    75 |    67 ||   160

Table legend:
 A = Spawn XP
 B = Non-spawn XP
 C = Spawn XP percentage of total XP
 D = Spawn monster count
 E = Non-spawn monster count
 F = Spawn count percentage of total count
 G = Total turns spent on level
                    A         B        C        D         E        F      G
               +---------+---------+-------+---------+---------+-------+---------
         Total |       0 |    1704 |   0.0 |       0 |     111 |   0.0 |  2300
               +---------+---------+-------+---------+---------+-------+---------
           D:1 |       0 |      34 |   0.0 |       0 |      24 |   0.0 |   541
           D:2 |       0 |     322 |   0.0 |       0 |      19 |   0.0 |   405
           D:3 |       0 |     249 |   0.0 |       0 |      19 |   0.0 |   230
           D:4 |       0 |     241 |   0.0 |       0 |       9 |   0.0 |   292
           D:5 |       0 |     576 |   0.0 |       0 |      32 |   0.0 |   548
           D:6 |       0 |     282 |   0.0 |       0 |       8 |   0.0 |   191
               +---------+---------+-------+---------+---------+-------+---------

Table legend:
 A = Turns spent in this place as a percentage of turns spent in the entire game.
 B = Non-inter-level travel turns spent in this place as a percentage of non-inter-level travel turns spent in the entire game.
 C = Inter-level travel turns spent in this place as a percentage of turns spent in this place.
 D = Turns resting spent in this place as a percentage of non-inter-level travel turns spent in this place.
 E = Turns spent auto-exploring this place as a percentage of non-inter-level travel turns spent in this place.
 F = Non-inter-level travel turns spent in this place divided by the number of levels of this place that you've seen.
                   A       B       C       D       E      F
               +-------+-------+-------+-------+-------+----------------------
         Total | 100.0 | 100.0 |   0.6 |   0.0 |   0.0 | 285.8
       Dungeon |  97.7 |  98.3 |   0.0 |   0.0 |   0.0 | 321.1
        Temple |   2.3 |   1.7 |  26.9 |   0.0 |   0.0 |  38.0
               +-------+-------+-------+-------+-------+----------------------

Table legend:
 A = Kills in this place as a percentage of kills in entire the game.
 B = Kills by you in this place as a percentage of kills by you in the entire game.
 C = Kills by friends in this place as a percentage of kills by friends in the entire game.
 D = Other kills in this place as a percentage of other kills in the entire game.
 E = Experience gained in this place as a percentage of experience gained in the entire game.
 F = Experience gained in this place divided by the number of levels of this place that you have seen.
                   A       B       C       D       E      F
               +-------+-------+-------+-------+-------+----------------------
         Total | 100.0 | 100.0 | 100.0 |   N/A | 100.0 | 213.0
       Dungeon | 100.0 | 100.0 | 100.0 |   N/A | 100.0 | 243.4
               +-------+-------+-------+-------+-------+----------------------

Vault maps used:
D:1:      dpeg_arrival_stonehenge_12_columns
D:2:      uniq_sigmund, uniq_crazy_yiuf_cottage
D:3:      first_ration, grunt_gozag_breadcrumbs
D:4:      minmay_door_path
D:5:      corexii_shantytown, temple_doors_cd, supply_closet_lemuel,
          st_stairs_13, glass_columns_c
D:6:      minivault_5, minmay_strange_pillars, grunt_ministairs_7, minivault_22
D:7:      grunt_temple_overflow_open, lemuel_coloured_pillars_altar,
          makhleb_heckhound_becter
Temple:   eino_temple_water
